 Seeded DCSS version 0.27-a0-40-g5f2be0e231 (webtiles) character file.

Game seed: 72 (custom seed)

40 muata the Chopper (level 3, 34/34 HPs)
             Began as a Minotaur Berserker on Jan 5, 2021.
             Was a Believer of Trog.
             Quit the game on level 2 of the Dungeon.
             The game lasted 00:03:45 (968 turns).

muata the Chopper (Minotaur Berserker)               Turns: 968, Time: 00:03:46

Health: 34/34      AC:  6    Str: 22    XL:     3   Next: 30%
Magic:  2/2        EV: 10    Int:  4    God:    Trog [**....]
Gold:   86         SH:  0    Dex:  9    Spells: 2/2 levels left

rFire    . . .     SeeInvis .   a - +0 hand axe
rCold    . . .     Faith    .   (no shield)
rNeg     . . .     Spirit   .   l - +0 scale mail
rPois    .         Reflect  .   (helmet restricted)
rElec    .         Harm     .   (no cloak)
rCorr    .         Rampage  .   (no gloves)
Will     .....                  (no boots)
Stlth    ..........             (no amulet)
HPRegen  0.11/turn              (no ring)
MPRegen  0.08/turn              (no ring)

@: no status effects
A: retaliatory headbutt, horns 2
a: Renounce Religion, Berserk, Trog's Hand


You were on level 2 of the Dungeon.
You worshipped Trog.
Trog was pleased with you.
You visited 1 branch of the dungeon, and saw 2 of its levels.

You collected 86 gold pieces.

Inventory:

Hand Weapons
 a - a +0 hand axe (weapon)
Missiles
 e - 34 poisoned darts
Armour
 b - a +0 animal skin
 l - a +0 scale mail (worn)
Jewellery
 m - an uncursed ring of see invisible {unknown}
 o - an uncursed ring of magical power {unknown}
Scrolls
 c - 2 scrolls of identify {unknown}
 f - a scroll of random uselessness {unknown}
 g - 2 scrolls of immolation {unknown}
 h - a scroll of blinking {unknown}
 n - 2 scrolls of remove curse {unknown}
Potions
 d - 2 potions of curing {unknown}
 i - a potion of magic {unknown}
 j - 2 potions of flight {unknown}
 k - a potion of might {unknown}


   Skills:
 + Level 4.3 Fighting
 + Level 4.4 Axes
 + Level 2.8 Armour
 - Level 2.2 Dodging


You had 2 spell levels left.
You didn't know any spells.
Your spell library was empty.

Dungeon Overview and Level Annotations

Branches:
Dungeon (2/15)

Altars:


Innate Abilities, Weirdness & Mutations

You reflexively headbutt those who attack you in melee.
You have a pair of horns on your head.


Message History

You closely miss the adder.
The adder is moderately wounded.
The adder misses you. You furiously retaliate!
You headbutt the adder!
You kill the adder!
Trog accepts your kill.
A bat comes into view.
Found 2 gold pieces.
You see here a scroll labelled SUAPOU UGAA.
n - 2 scrolls labelled SUAPOU UGAA (gained 1)
You hit the bat. You headbutt the bat.
You kill the bat!
Trog accepts your kill.
A rat comes into view.
You closely miss the rat. The rat bites you but does no damage.
You hit the rat but do no damage. You headbutt the rat.
You kill the rat!
Trog accepts your kill.
Found 5 gold pieces.
You see here a rat corpse.
Are you sure you want to abandon this character and quit the game? (Confirm with "yes".)

#.....#.... ##..........
.... ........... ....
#.........$ .....
#.......... ... #..........
... #.........!. #.
#.##..@..# #.#
#..#..†.#..## ..
#...........# .(... ##.
.........#.#.##.#..###..
$......#......#.#......####
###.#......##...#..........
# #..#...<†..............
#....#.....[##...........
..##.....##.##...........


There were no monsters in sight!

Vanquished Creatures
  An adder (D:2)
  An ooze (D:1)
  A worm (D:2)
  2 dart slugs (D:1)
  2 ball pythons
  A giant cockroach (D:1)
  2 hobgoblins (D:1)
  5 bats
  2 frilled lizards (D:2)
  A kobold (D:1)
  6 rats
24 creatures vanquished.

Vanquished Creatures (others)
  5 toadstools (D:1)
5 creatures vanquished.

Grand Total: 29 creatures vanquished

Notes
Turn   | Place    | Note
-------+----------+-------------------------------------------
     0 | D:1      | muata the Minotaur Berserker began the quest for the Orb.
     0 | D:1      | Reached XP level 1. HP: 19/19 MP: 0/0
   134 | D:1      | Reached XP level 2. HP: 27/27 MP: 1/1
   913 | D:2      | Reached ** piety under Trog
   914 | D:2      | Reached XP level 3. HP: 29/33 MP: 2/2
   968 | D:2      | Quit the game

Illustrated notes

Levels and vault maps discovered:
D:1:      ldierk_walled_garden, layout_loops_cross
D:2:      layout_rooms, minmay_misc_feat_x

Skill      XL: |  1  2 |
---------------+-------+-----
Axes           | 4 |  4.4
Fighting       | 4 |  4.3
Armour         | |  2.8
Dodging        | |  2.2

Action                   || total
-------------------------++-------
Melee: Hand axe          ||    54
       Headbutt          ||     9
 Stab: Sleeping          ||     1
Armor: Animal skin       ||    10
       Scale mail        ||     3
Dodge: Dodged            ||    40

Table legend: (Time is in decaauts)
 A = Elapsed time spent in this place.
 B = Non-inter-level travel time spent in this place.
 C = Inter-level travel time spent in this place.
 D = Time resting spent in this place.
 E = Time spent auto-exploring this place.
 F = Levels seen in this place.
 G = Mean time per level.
                   A        B        C        D        E       F      G
               +--------+--------+--------+--------+--------+-----+--------+
         Total |    973 |    940 |     33 |     74 |    644 |   2 |  486.5 |
       Dungeon |    973 |    940 |     33 |     74 |    644 |   2 |  486.5 |
               +--------+--------+--------+--------+--------+-----+--------+

Top non-repeatable levels by time:
     D:1: 732 daAuts
     D:2: 241 daAuts
